 Dungeon Crawl Stone Soup version 0.28-b1-25-g9875b3fc8c (webtiles) character file.

Game seed: 4388229582727287462

154 croobank the Insei (level 5, 0/37 HPs)
             Began as a Vampire Transmuter on Jan 31, 2022.
             Killed from afar by Ijyb (35 damage)
             ... with a bolt of acid
             ... on level 3 of the Dungeon.
             The game lasted 00:10:05 (2359 turns).

croobank the Insei (Vampire Transmuter)             Turns: 2359, Time: 00:10:06

Health: 0/37       AC:  2    Str: 11    XL:     5   Next: 13%
Magic:  0/9        EV: 20    Int: 15    God:
Gold:   174        SH:  0    Dex: 20    Spells: 1/9 levels left

rFire   . . .      SeeInvis +     - Unarmed
rCold   . . .      Faith    .   (shield currently unavailable)
rNeg    + + .      Spirit   +   (armour currently unavailable)
rPois   x          Reflect  .   (helmet currently unavailable)
rElec   .          Harm     .   (cloak currently unavailable)
rCorr   .          Rampage  .   (gloves currently unavailable)
Will    .....                   (boots currently unavailable)
Stlth   ++........              d - amulet of guardian spirit
HPRegen 0.32/turn               n - ring of positive energy
MPRegen 0.11/turn               o - ring of positive energy

@: spider-form (expiring), very slightly contaminated, healing quickly
A: venomous fangs, tiny, alive, (fangs 3), see invisible, vampiric 2
a: Exsanguinate, End Transformation


You were on level 3 of the Dungeon.
You were a venomous arachnid creature.
You visited 1 branch of the dungeon, and saw 3 of its levels.

You collected 174 gold pieces.

Inventory:

Hand Weapons
 a - a +0 rapier (melded)
 b - a +1 hunting sling of flaming
 e - a +0 hand axe
 q - a +0 hand axe
Missiles
 c - 30 stones
 g - 15 arrows
 j - 12 poisoned darts (quivered)
 k - 9 boomerangs
Armour
 i - a +0 ring mail
 l - a +1 robe (melded)
Jewellery
 d - an amulet of guardian spirit (around neck)
 n - a ring of positive energy (left front leg)
 o - a ring of positive energy (right front leg)
Scrolls
 h - a scroll of noise
 m - a scroll of fog
Potions
 f - a potion of heal wounds
 p - a potion of might {unknown}


   Skills:
 + Level 1.2 Fighting
 + Level 1.6 Short Blades
 + Level 2.6 Dodging
 + Level 1.3 Stealth
 + Level 4.4 Unarmed Combat
 + Level 2.8 Spellcasting
 + Level 3.0 Transmutations
 + Level 0.2 Poison Magic


You had one spell level left.
You knew the following spells:

 Your Spells              Type           Power      Damage    Failure   Level
a - Beastly Appendage     Tmut           22%        N/A       17%         1
b - Wereblood             Tmut           11%        N/A       22%         2
c - Spider Form           Tmut/Pois      7%         N/A       52%         3
d - Blink                 Tloc           4%         N/A       52%         2

Your spell library contained the following spells:

 Spells                   Type           Power      Damage    Failure   Level
 Ice Form                 Ice/Tmut       6%         N/A       87%         4
 Manifold Assault         Tloc           2%         N/A       100%        5
 Storm Form               Tmut/Air       3%         N/A       100%        7


Dungeon Overview and Level Annotations

Branches:
Dungeon (3/15)

Altars:

Annotations:
D:3 Ijyb


Innate Abilities, Weirdness & Mutations

You are a venomous arachnid creature.
You have poisonous fangs.
You are tiny and dextrous.
Your spellcasting is less reliable in this form.
Your armour is entirely melded.
You are incapable of wielding weapons or throwing items.
Your natural rate of healing is accelerated.
((You have razor-sharp teeth.))
You have supernaturally acute eyesight. (SInv)
You are afflicted with vampirism and can become a bat while bloodless.


Message History

You hit the worm. You claw the worm. You punch the worm.
The worm is severely wounded.
The worm bites you.
You hit the worm. You claw the worm, but do no damage. You headbutt the worm.
The worm is almost dead.
The worm bites you.
You puncture the worm!
You kill the worm!
You see here a worm corpse.
Ijyb the Twisted Goblin comes into view.
She is wielding a +0 dagger and carrying a wand of acid (9).
You see here a scroll of identify.
Casting: Beastly Appendage (safe; 6% risk of failure)
Confirm with . or Enter, or press ? or * to list all spells.
The spell is quite dangerous to miscast (30% risk of failure)!
Continue anyway?
You miscast Spider Form.
You are very lightly contaminated with residual magic.
Nothing appears to happen.
Casting: Spider Form (quite dangerous; 30% risk of failure)
Confirm with . or Enter, or press ? or * to list all spells.
The spell is quite dangerous to miscast (30% risk of failure)!
Continue anyway?
Your horns disappear.
Your talons disappear.
You turn into a venomous arachnid creature.
Your +0 rapier melds into your body.
Your +1 robe melds into your body.
Ijyb shouts!
You hear a shout!
You hit Ijyb but do no damage.
Ijyb is poisoned.
You hear a shout! x2
You hit Ijyb.
Ijyb is lightly wounded.
Your transformation is almost over.
You hear a shout!
Ijyb misses you.
A rat comes into view.
You hit Ijyb but do no damage.
Ijyb is lightly wounded.
Ijyb zaps a wand.
The bolt of acid misses you.
You hit Ijyb.
Ijyb looks as sick as possible!
Ijyb is heavily wounded.
Ijyb zaps a wand.
The bolt of acid hits you!!!
Ouch! That really hurt!
You die...

######## #####
######...#####
...#.........#
##.#.#...#.#.#
##.#.##.##.#.#####
#.....#.##.#.†...#
.....#..##.#####s#
#...#.#.##.# #g#
##.#.##.##.. .r.
#######.#### #####
........#
#########


You could see Ijyb (extremely poisoned) and a rat.

Vanquished Creatures
  2 orc wizards (D:3)
  2 adders (D:3)
  A gnoll (D:1)
  4 worms
  3 dart slugs (D:1)
  6 orcs (D:3)
  5 endoplasms
  2 giant cockroaches (D:2)
  3 goblins
  4 hobgoblins
  3 jackals (D:3)
  4 kobolds
  5 quokkas
  6 ball pythons
  4 frilled lizards
  3 rats
57 creatures vanquished.

Vanquished Creatures (others)
  A ball python (D:3)
1 creature vanquished.

Grand Total: 58 creatures vanquished

Notes
Turn   | Place    | Note
-------+----------+-------------------------------------------
     0 | D:1      | croobank the Vampire Transmuter began the quest for the
                  | Orb.
     0 | D:1      | Reached XP level 1. HP: 14/14 MP: 3/3
   267 | D:1      | Reached XP level 2. HP: 12/20 MP: 3/5
   270 | D:1      | Reached skill level 1 in Fighting
   272 | D:1      | Reached skill level 4 in Unarmed Combat
   301 | D:1      | Learned a level 2 spell: Wereblood
   494 | D:1      | Gained mutation: You are afflicted with vampirism and can
                  | become a bat while bloodless. [Vampire growth]
   494 | D:1      | Reached XP level 3. HP: 26/26 MP: 4/6
   821 | D:1      | Found a faded altar of an unknown god.
  1108 | D:2      | Learned a level 3 spell: Spider Form
  1820 | D:3      | Reached XP level 4. HP: 29/32 MP: 3/7
  1825 | D:3      | Reached skill level 1 in Short Blades
  2057 | D:3      | Reached skill level 1 in Stealth
  2063 | D:3      | Reached XP level 5. HP: 22/37 MP: 2/9
  2322 | D:3      | Learned a level 2 spell: Blink
  2352 | D:3      | Noticed Ijyb
  2359 | D:3      | Killed from afar by Ijyb

Illustrated notes

Levels and vault maps discovered:
D:1:      dpeg_arrival_castle, layout_loops_ring,
          chequers_ecumenical_altar_simple_redux
D:2:      layout_basic
D:3:      layout_loops_ring, serial_rivers, chequers_serial_rivers_micro_b,
          chequers_serial_rivers_micro_c, chequers_serial_rivers_room_b,
          chequers_serial_rivers_marsh, chequers_serial_rivers_small_b,
          chequers_serial_rivers_micro_a, uniq_ijyb, uniq_crazy_yiuf_cottage

Skill      XL: |  1  2  3  4 |
---------------+-------------+-----
Fighting       | 1 |  1.2
Unarmed Combat | 4 |  4.4
Short Blades   | 1 |  1.6
Stealth        | 1 |  1.3
Transmutations | 3 |  3.0
Dodging        | |  2.6
Spellcasting   | |  2.8
Poison Magic   | |  0.2

Action                   |  1- 3 |  4- 6 || total
-------------------------+-------+-------++-------
Melee: Dagger            |    54 |       ||    54
       Bite              |    10 |     3 ||    13
       Kick              |    14 |     9 ||    23
       Headbutt          |     9 |     3 ||    12
       Unarmed           |    12 |    15 ||    27
       Punch             |     4 |     3 ||     7
       Rapier            |    25 |    38 ||    63
Throw: Dart              |     2 |       ||     2
 Cast: Beastly Appendage |    20 |     7 ||    27
       Spider Form       |     4 |     2 ||     6
       Wereblood         |     1 |       ||     1
  Use: Scroll            |     5 |     1 ||     6
       Potion            |       |     1 ||     1
 Stab: Sleeping          |     2 |     1 ||     3
Armor: Robe              |    11 |     2 ||    13
       Skin              |       |     1 ||     1
Dodge: Dodged            |    48 |    31 ||    79
